 Dungeon Crawl Stone Soup version 0.19-a0-376-gf780d9b (webtiles) character file.

59 Duffy the Shield-Bearer (level 3, 36/36 HPs)
             Began as a Troll Fighter on May 30, 2016.
             Quit the game on level 2 of the Dungeon.
             The game lasted 00:01:43 (1161 turns).

Duffy the Shield-Bearer (Troll Fighter)             Turns: 1161, Time: 00:01:44

Health: 36/36      AC:  7    Str: 24    XL:     3   Next: 78%
Magic:  2/2        EV:  8    Int:  4    God:
Gold:   44         SH:  9    Dex: 10    Spells: 0 memorised, 2 levels left

rFire  . . .     SeeInvis .       - Unarmed
rCold  . . .     Gourm    +     a - +0 robe
rNeg   . . .     Faith    .     b - +0 shield
rPois  .         Spirit   .     (helmet restricted)
rElec  .         Dismiss  .     (no cloak)
rCorr  .         Reflect  .     (gloves unavailable)
SustAt .         Harm     .     (boots unavailable)
MR     .....                    o - amulet of inaccuracy (curse)
Stlth  +.........               (no ring)
                                m - +2 ring of protection

@: not resistant to hostile enchantments, very unstealthy
A: unfitting armour, claws 3, fast metabolism 3, gourmand, regeneration 2,
shaggy fur 1, tough skin 2
a: no special abilities


You were on level 2 of the Dungeon.
You were full.

You visited 1 branch of the dungeon, and saw 2 of its levels.

You collected 44 gold pieces.


Innate Abilities, Weirdness & Mutations

You are too large for most types of armour.
You have claws for hands.
Your metabolism is lightning-fast.
You like to eat raw meat.
You heal very quickly.
You are covered in fur. (AC +1)
You have very tough skin. (AC +2)


   Skills:
 - Level 2.4 Fighting
 - Level 2.4 Dodging
 + Level 3.2 Shields
 + Level 3.2 Unarmed Combat


You had 2 spell levels left.
You didn't know any spells.

Inventory:

Missiles
 i - 69 stones (quivered)
 n - 2 tomahawks
Armour
 a - a +0 robe (worn)
 b - a +0 shield (worn)
Jewellery
 m - a +2 ring of protection (left claw)
 o - a cursed amulet of inaccuracy (around neck)
Scrolls
 e - 2 scrolls of identify {unknown}
 f - a scroll of teleportation {unknown}
 g - a scroll of recharging {unknown}
 j - a scroll of remove curse {unknown}
 k - 2 scrolls of immolation {unknown}
 q - a scroll of random uselessness {unknown}
 r - a scroll of noise {unknown}
Potions
 c - a potion of might
 h - a potion of curing {unknown}
 l - a potion of flight {unknown}
 p - a potion of cancellation {unknown}
Comestibles
 d - 3 bread rations

Dungeon Overview and Level Annotations

Branches:
Dungeon (2/15)

Altars:


Message History

Throwing (i - inventory. (,) - cycle):
i - 72 stones (quivered)
Press: ? - help, Shift-Dir - straight line, f/p - bat
Aim: a bat (severely wounded)
You throw a stone. The stone misses the bat.
You block the bat's attack.
Throwing (i - inventory. (,) - cycle):
i - 71 stones (quivered)
Press: ? - help, Shift-Dir - straight line, f/p - bat
Aim: a bat (severely wounded)
You throw a stone. The stone misses the bat.
You block the bat's attack.
Throwing (i - inventory. (,) - cycle):
i - 70 stones (quivered)
Press: ? - help, Shift-Dir - straight line, f/p - bat
Aim: a bat (severely wounded)
You throw a stone. The stone closely misses the bat.
The bat barely misses you.
You miss the bat.
The bat is severely wounded.
You block the bat's attack.
You scratch the bat.
You kill the bat!
No target in view!
No target in view!
No target in view!
No target in view!
No target in view!
No target in view!
No target in view!
No target in view!
No target in view!
No target in view!
No target in view!
No target in view!
No target in view!
No target in view!
No target in view!
i - 70 stones (gained 1)
i - 71 stones (gained 1)
A dart slug comes into view.
You see here a stone.
A dart slug is nearby!
A dart slug is nearby!
Throwing (i - inventory. (,) - cycle):
i - 71 stones (quivered)
Press: ? - help, Shift-Dir - straight line, f - dart slug
Aim: a dart slug (resting)
You throw a stone. The stone hits the dart slug.
The dart slug is lightly wounded.
Throwing (i - inventory. (,) - cycle):
i - 70 stones (quivered)
Press: ? - help, Shift-Dir - straight line, f/p - dart slug
Aim: a dart slug (lightly wounded)
You throw a stone.
The stone hits the dart slug but does no damage.
The dart slug is lightly wounded.
Are you sure you want to abandon this character and quit the game? (Confirm with "yes".)

#####............
#............
#............ #######
#............ .......
#............ .......
#............
(w.....#####............
...........(............
....(..@................
......(....)............
......(......###########
..?....####### .......
....... ....... #######


You could see a dart slug.

Action                   || total
-------------------------++-------
Melee: Unarmed           ||    77
Throw: Stone             ||   106
  Eat: Chunk             ||    13
Armor: Robe              ||    27
Dodge: Dodged            ||    13
Block: Shield            ||    32

Notes
Turn   | Place    | Note
--------------------------------------------------------------
     0 | D:1      | Duffy the Troll Fighter began the quest for the Orb.
     0 | D:1      | Reached XP level 1. HP: 22/22 MP: 0/0
   282 | D:1      | Reached XP level 2. HP: 29/29 MP: 1/1
   811 | D:2      | Reached skill level 3 in Shields
   811 | D:2      | Reached XP level 3. HP: 32/36 MP: 2/2
   858 | D:2      | Reached skill level 3 in Unarmed Combat
  1161 | D:2      | Quit the game

Skill      XL: |  1  2  3 |
---------------+----------+-----
Shields        | 3 |  3.2
Unarmed Combat | 3 |  3.2
Fighting       | |  2.4
Dodging        | |  2.4

Vault maps used:
D:1:      dpeg_arrival_water_temple_mockup
D:2:      minmay_misc_feat_chi, kennysheep_generic_room_11

Vanquished Creatures
  2 adders
  2 oozes
  A worm
  A dart slug
  3 giant cockroaches
  2 goblins
  5 hobgoblins
  2 quokkas
  3 bats
  A giant newt
  3 kobolds
  2 rats
27 creatures vanquished.
